 Seeded DCSS version 0.30.1-6-gbe392663c4 (webtiles) character file.

Game seed: 18007716519941398942 (custom seed)

336 Psyclone the Destroyer (level 6, -1/32 HPs)
             Began as a Deep Elf Conjurer on Sept 20, 2023.
             Slain by a centaur (5 damage)
             ... on level 6 of the Dungeon.
             The game lasted 00:05:18 (1659 turns).

Psyclone the Destroyer (Deep Elf Conjurer)          Turns: 1659, Time: 00:05:18

Health: -1/32      AC:  3    Str:  4    XL:     6   Next: 28%
Magic:  12/12      EV: 12    Int: 25    God:
Gold:   2125       SH:  0    Dex: 13    Spells: 8/11 levels left

rFire   . . .        i - +0 lajatang (vamp)
rCold   . . .        (shield currently unavailable)
rNeg    . . .        a - +0 robe
rPois   .            (no helmet)
rElec   .            (no cloak)
rCorr   .            (no gloves)
SInv    .            l - +0 pair of boots
Will    .....        f - amulet of the acrobat
Stlth   ++           (no ring)
HPRegen 0.25/turn    (no ring)
MPRegen 0.13/turn

%: acrobat
@: no status effects
A: no striking features
a: no special abilities


You were on level 6 of the Dungeon.
You visited 1 branch of the dungeon, and saw 6 of its levels.

You collected 2125 gold pieces.

Inventory:

Hand Weapons
 g - a +0 dagger
 i - a +0 vampiric lajatang (weapon)
Armour
 a - a +0 robe (worn)
 l - a +0 pair of boots (worn)
Jewellery
 e - an amulet of faith
 f - an amulet of the acrobat (around neck)
Wands
 n - a wand of polymorph (7)
Potions
 b - a potion of magic
 d - a potion of berserk rage
 h - 2 potions of heal wounds {unknown}
 k - a potion of haste {unknown}
Miscellaneous
 c - a piece from Xom's chessboard (15/15)


   Skills:
 - Level 2.4 Dodging
 - Level 2.4 Stealth
 - Level 3.0 Spellcasting
 + Level 8.4 Conjurations


You had 8 spell levels left.
You knew the following spells:

 Your Spells              Type           Power      Damage    Failure   Level
a - Magic Dart            Conj           100%       1d8       1%          1
b - Searing Ray           Conj           90%        2d7       1%          2

Your spell library contained the following spells:

 Spells                   Type           Power      Damage    Failure   Level
 Dazzling Flash           Conj/Hex       48%        N/A       5%          3
 Fulminant Prism          Conj/Hex       12%        3d9       19%         4
 Iskenderun's Mystic Bla  Conj/Tloc      24%        2d7       19%         4


Dungeon Overview and Level Annotations

Branches:
Dungeon (6/15) Zot: 26309
 Temple: D:4-7

Altars:
Qazlal
Xom
Yredelemnul
Zin
The Shining One

Annotations:
D:4 Blork the orc
D:6 Eustachio


Message History

The centaur is moderately wounded.
The centaur shouts!
The centaur wields a +0 shortbow.
The centaur shoots an arrow.
The arrow hits you.
You take 6 damage, and have 26/32 hp.
You now have 11/12 mp.
The centaur shoots an arrow.
The arrow misses you.
The centaur shoots an arrow.
The arrow hits you!
You take 14 damage, and have 12/32 hp.
MASSIVE DAMAGE!!
The centaur shoots an arrow.
The arrow completely misses you.
The centaur unwields a +0 shortbow.
The centaur closely misses you. The centaur barely misses you.
You hit the centaur.
The centaur is moderately wounded.
The centaur closely misses you. x2; The centaur hits you.
* * * LOW HITPOINT WARNING * * *
The centaur kicks you but does no damage.
You take 5 damage, and have 7/32 hp.
You hit the centaur.
The centaur is heavily wounded.
The centaur barely misses you. The centaur misses you. The centaur hits you.
* * * LOW HITPOINT WARNING * * *
The centaur kicks you but does no damage.
The centaur hits you.
* * * LOW HITPOINT WARNING * * *
The centaur barely misses you.
You take 3 damage, and have 4/32 hp.
You hit the centaur.
You feel better.
The centaur is severely wounded.
The centaur closely misses you.
The centaur kicks you but does no damage.
The centaur barely misses you. The centaur kicks you.
* * * LOW HITPOINT WARNING * * *
MP restored: 12 You barely miss the centaur.
The centaur is severely wounded.
The centaur hits you.
* * * LOW HITPOINT WARNING * * *
The centaur kicks you but does no damage.
The centaur hits you.
You die...

# .## ...#
#####.#.#
#.c.....#
#@......#
######.......#
#.............
#...$.........
#..#########..
#.#..≈≈≈≈≈. #
#.#.≈.....≈
#.#.≈.≈≈≈.≈.
#.#.≈≈...≈≈$


You could see a centaur.

Vanquished Creatures
  A water moccasin (D:6)
  A bullfrog (D:6)
  A jelly (D:6)
  An orc priest (D:6)
  2 orc wizards (D:6)
  2 adders (D:6)
  2 shadow imps (D:6)
  A worm (D:2)
  A dart slug (D:3)
  2 orcs (D:6)
  A ball python (D:2)
  4 endoplasms (D:1)
  3 goblins
  A hobgoblin (D:1)
  3 jackals (D:1)
  4 kobolds
  A bat (D:2)
  A frilled lizard (D:1)
  A rat (D:3)
33 creatures vanquished.

Notes
Turn   | Place    | Note
-------+----------+-------------------------------------------
     0 | D:1      | Psyclone the Deep Elf Conjurer began the quest for the Orb.
     0 | D:1      | Reached XP level 1. HP: 10/10 MP: 6/6
   232 | D:1      | Reached XP level 2. HP: 15/15 MP: 5/8
   434 | D:1      | Reached skill level 5 in Conjurations
   739 | D:3      | Found a shimmering altar of Xom.
   783 | D:3      | Learned a level 2 spell: Searing Ray
   787 | D:3      | Found a glowing silver altar of Zin.
   804 | D:3      | Found a stormy altar of Qazlal.
   824 | D:3      | Found a glowing golden altar of the Shining One.
   866 | D:3      | Reached XP level 3. HP: 19/19 MP: 7/9
   950 | D:4      | Noticed Blork the orc
   966 | D:5      | Entered Level 5 of the Dungeon
   966 | D:5      | Noticed an ogre
   966 | D:5      | Noticed a phantom
  1058 | D:6      | Found a basalt altar of Yredelemnul.
  1073 | D:6      | Noticed a water moccasin
  1107 | D:6      | Reached skill level 6 in Conjurations
  1107 | D:6      | Reached XP level 4. HP: 9/24 MP: 4/10
  1220 | D:6      | Noticed a bullfrog
  1224 | D:6      | Identified 3 scrolls of acquirement
  1224 | D:6      | Acquired 1039 gold pieces
  1225 | D:6      | Acquired 1036 gold pieces
  1226 | D:6      | Acquired a +0 vampiric lajatang
  1230 | D:6      | Killed a bullfrog
  1231 | D:6      | Reached skill level 7 in Conjurations
  1231 | D:6      | Reached XP level 5. HP: 22/28 MP: 11/11
  1389 | D:6      | Killed a water moccasin
  1390 | D:6      | Reached skill level 8 in Conjurations
  1390 | D:6      | Reached XP level 6. HP: 32/32 MP: 7/12
  1564 | D:6      | Noticed Eustachio
  1659 | D:6      | Slain by a centaur

Illustrated notes

Levels and vault maps discovered:
D:1:      psy_arrival_dodecagon, layout_basic,
          dreamdust_ecumenical_altar_sealed_demon
D:2:      layout_loops_cross, serial_shops, shop, minmay_misc_feat_cross,
          glass_columns_c, minmay_ruptured
D:3:      layout_basic, xom_butterflies, nicolae_qazlal_scattered_showers,
          nicolae_overflow_crystal_walls, tso_oasis_becter
D:4:      layout_cave_pools, kennysheep_mini, nicolae_wu_jian_wuxing_cycle,
          serial_column_ruins, column_ruins_circle_small, column_ruins_grid_3,
          column_ruins_open_large, column_ruins_grid_1, column_ruins_grid_1,
          column_ruins_open_tiny, chequers_hall_statues_wall_a,
          chequers_serial_rivers_micro_c, uniq_blork_the_orc
D:5:      minmay_evil_eye, layout_rooms, nicolae_ru_the_path_less_chosen,
          uniq_ijyb, uniq_grinder
D:6:      layout_basic, mainiacjoe_overflow_paths, serial_shops,
          nicolae_shop_tiny_statue_garden, uniq_eustachio

Skill      XL: |  1  2  3  4  5 |
---------------+----------------+-----
Conjurations   | 5 6 7 8 |  8.4
Dodging        | |  2.4
Stealth        | |  2.4
Spellcasting   | |  3.0

Action                     |  1- 3 |  4- 6 || total
---------------------------+-------+-------++-------
  Melee: Unarmed           |     9 |       ||     9
         Dagger            |       |    14 ||    14
         Lajatang          |       |    10 ||    10
   Cast: Magic Dart        |    47 |    25 ||    72
    Use: Scroll            |     1 |     5 ||     6
         Potion            |       |     1 ||     1
 Armour: Robe              |       |    10 ||    10
  Dodge: Dodged            |    11 |    29 ||    40
